 Dungeon Crawl Stone Soup version 0.27-a0-1185-ga233589e6f (webtiles) character file.

Game seed: 17666096467794864429

257 Morbidden the Skirmisher (level 5, -3/42 HPs)
             Began as a Demonspawn Fighter on May 19, 2021.
             Slain by a black bear (5 damage)
             ... on level 5 of the Dungeon.
             The game lasted 00:03:48 (3321 turns).

Morbidden the Skirmisher (Demonspawn Fighter)       Turns: 3321, Time: 00:03:49

Health: -3/42      AC: 10    Str: 17    XL:     5   Next: 93%
Magic:  5/5        EV:  7    Int: 10    God:
Gold:   209        SH: 14    Dex: 12    Spells: 4/4 levels left

rFire    . . .     SeeInvis .   a - +0 long sword
rCold    . . .     Faith    .   c - +0 kite shield
rNeg     . . .     Spirit   .   b - +0 scale mail
rPois    .         Reflect  +   (helmet restricted)
rElec    .         Harm     .   (no cloak)
rCorr    .         Rampage  .   A - +0 pair of gloves
Will     .....                  (no boots)
Stlth    ..........             t - amulet of reflection
HPRegen  0.14/turn              (no ring)
MPRegen  0.09/turn              (no ring)

@: no status effects
A: horns 2, yellow scales 1, demonic magic 1
a: no special abilities


You were on level 5 of the Dungeon.
You visited 1 branch of the dungeon, and saw 5 of its levels.

You collected 209 gold pieces.

Inventory:

Hand Weapons
 a - a +0 long sword (weapon)
Missiles
 u - 7 datura-tipped darts (quivered)
Armour
 b - a +0 scale mail (worn)
 c - a +0 kite shield (worn)
 A - a +0 pair of gloves (worn)
Jewellery
 t - an amulet of reflection (around neck)
Wands
 p - a wand of paralysis (9)
 w - a wand of polymorph (8)
 y - a wand of charming (7)
Scrolls
 e - a scroll of enchant armour {unknown}
 f - 2 scrolls of noise {unknown}
 g - 3 scrolls of teleportation {unknown}
 i - a scroll of blinking {unknown}
 j - 2 scrolls of immolation {unknown}
 k - 2 scrolls of magic mapping {unknown}
 m - a scroll of vulnerability {unknown}
 n - 2 scrolls of amnesia {unknown}
 q - 2 scrolls of identify {unknown}
 s - a scroll of fear {unknown}
Potions
 d - 2 potions of might
 h - a potion of ambrosia {unknown}
 l - 2 potions of heal wounds {unknown}
 o - 2 potions of attraction {unknown}
 r - a potion of magic {unknown}
 v - a potion of curing {unknown}
 x - a potion of lignification {unknown}
 z - a potion of resistance {unknown}


   Skills:
 * Level 4.1 Fighting
 * Level 3.6 Long Blades
 + Level 3.2 Armour
 * Level 1.8 Dodging
 + Level 3.3 Shields


You had 4 spell levels left.
You didn't know any spells.
Your spell library contained the following spells:

 Spells                   Type           Power      Damage    Failure   Level
 Beastly Appendage        Tmut           0%         N/A       99%         1
 Summon Small Mammal      Summ           0%         N/A       99%         1
 Call Imp                 Summ           0%         N/A       100%        2
 Wereblood                Tmut           0%         N/A       100%        2
 Call Canine Familiar     Summ           0%         N/A       100%        3
 Spider Form              Tmut/Pois      0%         N/A       100%        3
 Summon Guardian Golem    Hex/Summ       0%         N/A       100%        3
 Ice Form                 Ice/Tmut       0%         N/A       100%        4
 Summon Ice Beast         Ice/Summ       0%         N/A       100%        4
 Summon Lightning Spire   Summ/Air       0%         N/A       100%        4
 Hydra Form               Tmut           0%         N/A       100%        5


Dungeon Overview and Level Annotations

Branches:
Dungeon (5/15)
 Temple: D:4-7

Altars:
Ru
Trog


Innate Abilities, Weirdness & Mutations

You have a pair of horns on your head.
You are partially covered in yellow scales. (AC +2)
Spells you cast may paralyse adjacent enemies.


Message History

You block the water moccasin zombie's attack.
The black bear goes berserk!
The water moccasin zombie bites you but does no damage.
You barely miss the black bear.
The black bear is severely wounded.
The black bear bites you but does no damage.
The black bear barely misses you.
The black bear claws you but does no damage.
You block the water moccasin zombie's attack.
The black bear bites you! You block the black bear's attack.
The black bear barely misses you. The water moccasin zombie bites you.
Unknown command.
You slash the black bear!
The black bear is almost dead.
The black bear closely misses you. The black bear claws you.
You block the black bear's attack. The black bear barely misses you.
You riposte.
You closely miss the black bear.
The black bear is almost dead.
The black bear claws you but does no damage.
The black bear claws you.
The water moccasin zombie bites you but does no damage.
You block the black bear's attack.
The black bear claws you but does no damage.
The black bear barely misses you.
You hit the black bear but do no damage.
The black bear is almost dead.
The water moccasin zombie bites you.
* * * LOW HITPOINT WARNING * * *
You block the black bear's attack.
The black bear claws you but does no damage.
You block the black bear's attack. The water moccasin zombie bites you.
* * * LOW HITPOINT WARNING * * *
The black bear barely misses you. The black bear claws you.
* * * LOW HITPOINT WARNING * * *
The black bear closely misses you.
You closely miss the black bear.
You headbutt the black bear, but do no damage.
The black bear is almost dead.
The black bear bites you.
You die...

.....##<##...###......
.........#...##.# #..
.....##..#......# .###
#...#...........###....
##. #.#..##).##..[.# #
#.............#.####.
#..#.........S.......
..........####h####...
#.#..#.##### #@# #
#.#....# #Z# # .. #.#
#.# #.# ..# ###


You could see a black bear (berserk), an adder and a water moccasin zombie.

Vanquished Creatures
  A wyvern zombie (D:4)
  A water moccasin skeleton (D:4)
  5 adders
  A worm (D:2)
  3 dart slugs
  An orc (D:4)
  6 endoplasms
  7 giant cockroaches
  6 goblins
  4 hobgoblins
  15 jackals
  9 quokkas
  4 ball pythons
  8 bats
  4 frilled lizards
  9 kobolds
  2 rats
86 creatures vanquished.

Vanquished Creatures (collateral kills)
  A giant cockroach (D:4)
  2 jackals (D:4)
3 creatures vanquished.

Vanquished Creatures (others)
  An orc (D:4)
1 creature vanquished.

Grand Total: 90 creatures vanquished

Notes
Turn   | Place    | Note
-------+----------+-------------------------------------------
     0 | D:1      | Morbidden the Demonspawn Fighter began the quest for the
                  | Orb.
     0 | D:1      | Reached XP level 1. HP: 18/18 MP: 1/1
   122 | D:1      | Gained mutation: You have a pair of small horns on your
                  | head. [demonic ancestry]
   122 | D:1      | Reached XP level 2. HP: 19/24 MP: 2/2
   485 | D:1      | Gained mutation: Spells you cast may paralyse adjacent
                  | enemies. [demonic ancestry]
   485 | D:1      | Reached XP level 3. HP: 26/29 MP: 3/3
  1229 | D:2      | Gained mutation: You are partially covered in yellow
                  | scales. (AC +2) [demonic ancestry]
  1229 | D:2      | Reached XP level 4. HP: 34/35 MP: 4/4
  1605 | D:3      | Reached skill level 1 in Dodging
  1816 | D:3      | Found a faded altar of an unknown god.
  1969 | D:3      | Found a bloodstained altar of Trog.
  1997 | D:3      | Found a sacrificial altar of Ru.
  2544 | D:4      | Gained mutation: You have a pair of horns on your head.
                  | [demonic ancestry]
  2544 | D:4      | Reached XP level 5. HP: 42/42 MP: 5/5
  3065 | D:4      | Reached skill level 4 in Fighting
  3276 | D:5      | Entered Level 5 of the Dungeon
  3307 | D:5      | Noticed a black bear
  3320 | D:5      | HP: 2/42 [black bear (6)]
  3321 | D:5      | Slain by a black bear

Illustrated notes

Levels and vault maps discovered:
D:1:      onia_arrival_mini_spirals, layout_basic, st_stairs_11
D:2:      layout_rooms
D:3:      layout_loops_ring, nicolae_ru_sacrificial_ziggurat,
          lemuel_doored_altar, basic_ecumenical_altar, serial_bayou_pond_b
D:4:      layout_loops_cross, hex_medium, minmay_misc_feat_four_crosses
D:5:      kennysheep_slugbush, layout_loops_ring, kennysheep_little_box,
          temple_doors_ab

Skill      XL: |  1  2  3  4  5 |
---------------+----------------+-----
Long Blades    | 2 3 |  3.6
Shields        | 3 |  3.3
Armour         | 3 |  3.2
Dodging        | 1 |  1.8
Fighting       | 4 |  4.1

Action                   |  1- 3 |  4- 6 || total
-------------------------+-------+-------++-------
Melee: Long sword        |   128 |   114 ||   242
       Headbutt          |    15 |    26 ||    41
Throw: Dart              |       |     2 ||     2
Armor: Scale mail        |    88 |    59 ||   147
Dodge: Dodged            |    53 |    41 ||    94
Block: Kite shield       |    90 |   103 ||   193
       Reflection        |       |     1 ||     1
       Rpst.: Long sword |    18 |     9 ||    27

Table legend: (Time is in decaauts)
 A = Elapsed time spent in this place.
 B = Non-inter-level travel time spent in this place.
 C = Inter-level travel time spent in this place.
 D = Time resting spent in this place.
 E = Time spent auto-exploring this place.
 F = Levels seen in this place.
 G = Mean time per level.
                   A        B        C        D        E       F      G
               +--------+--------+--------+--------+--------+-----+--------+
         Total |   3444 |   3299 |    145 |      0 |   2670 |   5 |  688.8 |
       Dungeon |   3444 |   3299 |    145 |      0 |   2670 |   5 |  688.8 |
               +--------+--------+--------+--------+--------+-----+--------+

Top non-repeatable levels by time:
     D:1: 948 daAuts
     D:4: 911 daAuts
     D:3: 814 daAuts
     D:2: 720 daAuts
     D:5: 50 daAuts
